 Dungeon Crawl Stone Soup version 0.26-a0-812-g31a745ddcd (webtiles) character file.

Game seed: 4208469912445759080

232872 sanka the Black Belt (level 19, -7/144 HPs)
             Began as a Vampire Transmuter on Nov 28, 2020.
             Was the Champion of Okawaru.
             Killed from afar by an ice dragon (35 damage)
             ... with a blast of cold
             ... on level 4 of the Depths on Dec 1, 2020.
             The game lasted 01:51:38 (35489 turns).

sanka the Black Belt (Vampire Transmuter)          Turns: 35489, Time: 01:51:38

Health: -7/144     AC: 31    Str: 15    XL:     19   Next: 18%
Magic:  29/31      EV: 16    Int: 14    God:    Okawaru [******]
Gold:   3030       SH:  5    Dex: 24    Spells: 23/34 levels left

rFire    . . .     SeeInvis +     - Unarmed
rCold    . . .     Faith    .   (shield currently unavailable)
rNeg     . . .     Spirit   .   O - +12 chain mail of the Earth {rCorr}
rPois    +         Reflect  +   a - +2 helmet {SInv}
rElec    .         Harm     .   L - +1 cloak
rCorr    +         Rampage  .   (gloves currently unavailable)
MR       ++...                  F - +0 pair of boots {run}
Stlth    ..........             n - amulet of reflection
HPRegen  0.54/turn              A - ring "Atwinwiga" {rPois MR+ Str+4 Int-3 Dex+5}
MPRegen  0.22/turn              l - +4 ring of slaying

@: blade hands, regenerating quickly, studying Armour, quick
A: fangs 3, see invisible, unbreathing
a: Exsanguinate, End Transformation, Heroism, Finesse, Renounce Religion


You were on level 4 of the Depths.
You worshipped Okawaru.
Okawaru was exalted by your worship.
You had blades for hands.
You visited 5 branches of the dungeon, and saw 28 of its levels.
You also visited: Volcano.

You collected 3635 gold pieces.
You spent 605 gold pieces at shops.


Innate Abilities, Weirdness & Mutations

Your natural rate of healing is unusually fast.
You have razor-sharp teeth.
You have supernaturally acute eyesight. (SInv)
You can survive without breathing.


   Skills:
 - Level 11.5 Fighting
 - Level 11.2 Armour
 - Level 13.1 Dodging
 - Level 4.0 Shields
 + Level 20.7 Unarmed Combat
 - Level 8.0 Spellcasting
 - Level 17.0 Transmutations
 - Level 2.0 Poison Magic
 - Level 10.0 Invocations


You had 23 spell levels left.
You knew the following spells:

 Your Spells              Type           Power        Failure   Level
c - Spider Form           Tmut/Pois      ####......   43%         3
x - Beastly Appendage     Tmut           ######       8%          1
y - Wereblood             Tmut           ######..     9%          2
z - Blade Hands           Tmut           ######....   28%         5

Your spell library contained the following spells:

 Spells                   Type           Power        Failure   Level
 Sting                    Tmut/Pois      ####         26%         1
 Ignite Poison            Fire/Tmut/Pois ###.....     75%         3
 Ice Form                 Ice/Tmut       ####....     82%         4
 Petrify                  Tmut/Erth      ####....     82%         4
 Alistair's Intoxication  Tmut/Pois      ####.....    93%         5
 Irradiate                Conj/Tmut      ####......   97%         5
 Animate Skeleton         Necr           #.....       98%         1
 Apportation              Tloc           #.....       98%         1
 Poisonous Vapours        Pois/Air       #.....       98%         2
 Sublimation of Blood     Necr           #.........   99%         2
 Lesser Beckoning         Tloc           #.........   100%        3
 Mephitic Cloud           Conj/Pois/Air  #.......     100%        3
 Static Discharge         Conj/Air       #.......     100%        3
 Tukima's Dance           Hex            #.......     100%        3
 Animate Dead             Necr           #.........   100%        4
 Olgreb's Toxic Radiance  Pois           ##......     100%        4
 Fireball                 Conj/Fire      #.........   100%        5
 Lightning Bolt           Conj/Air       #.........   100%        5
 Death Channel            Necr           #.........   100%        6
 Eringya's Noxious Bog    Tmut/Pois      ####......   100%        6
 Invisibility             Hex            #.......     100%        6
 Starburst                Conj/Fire      #.........   100%        6
 Ignition                 Fire           #.........   100%        8
 Shatter                  Erth           #.........   100%        9
 Tornado                  Air            #.........   100%        9

Inventory:

Missiles
 U - 8 curare-tipped darts {=f}
Armour
 a - a +2 helmet of see invisible (worn)
 z - a +2 buckler of protection (melded)
 E - a +2 pair of gloves (melded)
 F - a +0 pair of boots of running (worn)
 L - a +1 cloak (worn)
 O - the +12 chain mail of the Earth (worn) {rCorr}

   It provides partial protection from all sources of acid and corrosion.
Jewellery
 l - a +4 ring of slaying (right scythe-like blade)
 n - an amulet of reflection (around neck)
 A - the ring "Atwinwiga" (left scythe-like blade) {rPois MR+ Str+4 Int-3 Dex+5}

   [ring of protection from magic]

   It affects your strength (+4).
   It affects your intelligence (-3).
   It affects your dexterity (+5).
   It protects you from poison.
   It affects your resistance to hostile enchantments.
 X - an uncursed ring of protection from fire
Wands
 p - a wand of enslavement (42)
 t - a wand of digging (4)
 C - a wand of polymorph (23)
 H - a wand of disintegration (24)
 M - a wand of acid (6)
 S - a wand of paralysis (18)
 W - a wand of iceblast (34)
Scrolls
 c - 14 scrolls of remove curse
 h - 16 scrolls of teleportation {@r4}
 j - 4 scrolls of enchant armour
 k - 7 scrolls of magic mapping
 o - a scroll of torment {!r}
 r - 2 scrolls of silence {!r}
 s - a scroll of summoning
 B - 3 scrolls of fog
 T - 4 scrolls of fear
Potions
 d - 5 potions of magic
 f - 9 potions of might
 g - 2 potions of heal wounds {@q2}
 i - 11 potions of ambrosia
 m - 9 potions of curing {@q1}
 q - a potion of invisibility
 v - 2 potions of mutation {!q}
 x - 3 potions of haste {@q3}
 D - 4 potions of flight
 N - a potion of resistance
 R - a potion of berserk rage {!q}
Books
 e - a manual of Armour
Miscellaneous
 y - a box of beasts

Dungeon Overview and Level Annotations

Branches:
Dungeon (15/15)            Temple (1/1) D:5            Lair (6/6) D:9
  Swamp (0/4) Lair:3       Spider (0/4) Lair:3        Slime (0/5) Lair:5
    Orc (2/2) D:10            Elf (0/3) Orc:2        Vaults (0/5) D:14
 Depths (4/5) D:15        Volcano (visited)

Altars:
Ashenzari
Cheibriados
Dithmenos
Elyvilon
Fedhas
Gozag
Hepliaklqana
Kikubaaqudgha
Makhleb
Nemelex Xobeh
Okawaru
Qazlal
Ru
Sif Muna
Trog
Uskayaw
Vehumet
Wu Jian
Xom
Yredelemnul
Zin
The Shining One
Beogh
Jiyva

Shops:
D:9 *[   D:10 [   D:15 =   Orc:2 *(((}

Portals:
Hell: Depths:1 Depths:2 Depths:3
Abyss: Depths:3
Pandemonium: Depths:3
Trove: D:11 (give +5 fire dragon scales)

Annotations:
D:5 1 runed translucent door, PanSaczeczos's ghost, novice MfAr
D:12 3 runed translucent doors
D:14 1 runed translucent door
Lair:4 1 runed translucent door, ra1n577's ghost, journeyman DDFi
Depths:2 1 runed translucent door
Depths:3 3 runed translucent doors
Depths:4 1 runed translucent door

▒▒▒▒▒.........▒ ▒..........
▒......▒▒▒▒▒▒.▒▒▒.▒▒▒▒▒▒...
............................
▒▒......▒▒.▒▒▒.▒▒▒.▒▒▒▒.▒.▒▒
▒▒'▒▒..▒▒.▒ ▒.▒ ▒.▒ ▒.▒.▒ ▒
▒..▒▒.▒ ▒.▒ ▒.▒ ▒.▒.▒
▒▒.▒▒..▒▒.▒▒▒)▒▒▒.▒▒▒▒.▒.▒
......u▒▒.▒▒...▒.........▒▒
......CD.uV'.8.▒▒......▒▒▒.
▒..▒▒.▒▒▒..▒▒...▒..▒▒▒▒▒...
....uu...▒...▒▒▒▒▒▒▒....
..▒▒.▒▒▒.▒▒▒▒.)..........▒
u. ... ▒▒.^..8....▒▒▒ . ▒▒▒▒
▒▒.......▒▒ ▒.8...8.▒
▒▒.......▒▒ ▒
▒▒▒....8....▒▒▒


You could see 2 very ugly things, a fire giant, an ice dragon (catching breath)
and 2 ugly things.


Message History

You slash the hell knight!
The hell knight is heavily wounded.
You hear a horrible gurgling sound!
You hear a horrible gurgling sound!
The hell knight hits you with a +1 great mace.
A white very ugly thing comes into view.
You shred the hell knight!!!
You kill the hell knight!
Okawaru accepts your kill.
A white ugly thing comes into view.
A white ugly thing comes into view.
The white ugly thing gurgles horribly!
You hear a horrible gurgling sound!
The white very ugly thing pecks you!
The white very ugly thing freezes you!!!
Items here: ) ? [ £ †.
You slash the white very ugly thing! You slash the white very ugly thing!
The white very ugly thing is moderately wounded.
A white ugly thing comes into view.
You hit the white very ugly thing.
The white very ugly thing is moderately wounded.
The white very ugly thing pecks you.
The white very ugly thing freezes you!!!
* * * LOW HITPOINT WARNING * * *
The ice dragon breathes frost at you.
The blast of cold hits the white very ugly thing!
The white very ugly thing resists.
The blast of cold hits you!!
You die...

Action                   |  1- 3 |  4- 6 |  7- 9 | 10-12 | 13-15 | 16-18 | 19-21 || total
-------------------------+-------+-------+-------+-------+-------+-------+-------++-------
Melee: Unarmed           |    84 |    96 |   259 |   701 |  1614 |  1165 |    57 ||  3976
       Kick              |    12 |     8 |       |       |       |       |       ||    20
       Headbutt          |     8 |     1 |       |       |       |       |       ||     9
       Bite              |     4 |     3 |    10 |    37 |   319 |   178 |    12 ||   563
       Punch             |     1 |       |     2 |    17 |    20 |    88 |     6 ||   134
Throw: Dart              |       |     1 |       |       |       |       |       ||     1
 Cast: Beastly Appendage |    23 |    12 |       |       |       |       |       ||    35
       Spider Form       |       |    10 |    23 |    52 |     1 |       |       ||    86
       Blade Hands       |       |       |       |     2 |    23 |    59 |     6 ||    90
Invok: Heroism           |       |       |       |    17 |    25 |    32 |     3 ||    77
       Finesse           |       |       |       |     1 |       |       |       ||     1
 Abil: End Transformatio |       |       |       |     1 |       |     2 |       ||     3
       Exsanguinate      |       |       |       |       |     1 |     1 |       ||     2
       Revivify          |       |       |       |       |     1 |     1 |       ||     2
Evoke: Wand              |       |       |       |       |     5 |     3 |       ||     8
  Use: Scroll            |       |     4 |     1 |     8 |    15 |    11 |     1 ||    40
       Potion            |       |       |       |     1 |     3 |     5 |       ||     9
 Stab: Sleeping          |     2 |     2 |     1 |     4 |       |       |       ||     9
       Distracted        |       |     1 |       |     2 |       |       |       ||     3
       Paralysed         |       |       |       |       |     1 |       |       ||     1
Armor: Robe              |    14 |     1 |       |     3 |       |       |       ||    18
       Skin              |       |     2 |     6 |     6 |       |       |       ||    14
       Leather armour    |       |       |     7 |    10 |       |       |       ||    17
       Chain mail        |       |       |       |    32 |   599 |   507 |    11 ||  1149
Dodge: Dodged            |    52 |    69 |   189 |   481 |   726 |   535 |    19 ||  2071
Block: Other             |       |       |    52 |   119 |    60 |   130 |    11 ||   372
       Reflection        |       |       |       |     3 |    12 |    39 |     3 ||    57
       Buckler           |       |       |       |       |   792 |   243 |     5 ||  1040

Levels and vault maps discovered:
D:1:      kilobyte_arrival_exit_the_forest, layout_loops_ring,
          hangedman_abyss_or_decor_stabs, minmay_tall_x
D:2:      layout_basic
D:3:      layout_basic, uniq_sigmund
D:4:      layout_cave_pools, uniq_eustachio
D:5:      cheibrodos_thug_alley, layout_gridville,
          nicolae_overflow_crystal_walls, minmay_temple_entry_slanted,
          gammafunk_ghost_grave, fedhas_altar_3, uniq_edmund
D:6:      layout_basic, serial_co_window_serial, co_window_paths_b,
          co_window_corner_a, co_window_corner_a, co_window_cross_1,
          co_window_cross_1, co_window_corner_cb, co_window_unsneaky_path_a,
          co_window_broadway_a, co_window_corner_b, co_window_2corner,
          glass_columns_a
D:7:      layout_basic, uniq_prince_ribbit1, uniq_maggie
D:8:      layout_layer_cave, gammafunk_ghost_ooze, minivault_29, uniq_grum
D:9:      layout_irregular_city, lair_entry_dummy, serial_shops,
          kennysheep_little_box, nicolae_shop_trees
D:10:     layout_roguey, orc_0_dummy, serial_shops, shop_statue, serial_undead,
          serial_undead_e, serial_undead_d, serial_undead_f, serial_undead_b
D:11:     layout_big_octagon, nicolae_trove_entry_crystal, minmay_lizard_king,
          uniq_gastronok, uniq_maurice
D:12:     minmay_opposing_rooms, layout_small_grid, minmay_statue_crystal_thing
D:13:     layout_loops_ring, uniq_azrael
D:14:     layout_loops_ring, erik_vaults_1, muffindrake_ghost_dual_entry,
          serial_bayou_ford_a, kennysheep_decorative_pillar, uniq_jorgrun
D:15:     gammafunk_depths_entry_grave, layout_long_grid, serial_shops, shop,
          special_room [special_room_bee], hangedman_decor_lopped, uniq_nessos,
          uniq_kirke
Temple:   minmay_crystal_snake_temple
Lair:1:   layout_chaotic_city, lightli_volcano_entry_magma_tube,
          dpeg_stationary_puzzle, lemuel_fruit_fields, lemuel_fruit_fields,
          serial_bayou_shore_b
Lair:2:   layout_regular_city
Lair:3:   beast_lair_carwin_large_2, layout_cave_pods,
          minmay_swamp_entry_reptiles, spider_nest_entry_webs,
          minmay_lair_oklob_items
Lair:4:   layout_cave_shapes, ebering_ghost_reflecting_pool, uniq_nergalle,
          uniq_rupert
Lair:5:   layout_regular_city, nicolae_slime_entry_slimehenge,
          grunt_forest_large_clearing_hut, uniq_urug
Lair:6:   hangedman_lair_tendril_chambers, layout_gridlike,
          hangedman_lair_caniforms_friends, serial_forest,
          infiniplex_forest_end_1, infiniplex_forest_straight_4,
          infiniplex_forest_clump_small, infiniplex_forest_straight_4,
          infiniplex_forest_lined_2, infiniplex_forest_lined_3,
          serial_bayou_shore_a
Orc:1:    layout_caves, mines2_david, uniq_sonja, uniq_josephine
Orc:2:    st_orc_ogre_mass, layout_caves, serial_shops, shop,
          lemuel_statue_altar
Depths:1: layout_roguey, hellmouth_3, chequers_serial_rivers_micro_d,
          grunt_tough_drop, grunt_megastairs_3, uniq_nikola
Depths:2: grunt_deathspiral_large, layout_cave_pools,
          hangedman_tar_grid_catacomb, special_room [special_room_morgue],
          hangedman_decor_peaks_small, minmay_st_funbox, evilmike_ruin_ashenzari
Depths:3: minmay_inside_and_out, layout_cave_pools, minmay_misc_feat_hallway,
          grunt_pan_entry_zigzag, hell_entry, abyss_entry, wad_floor_pattern_1,
          pandoras_box_mu, uniq_aizul
Depths:4: minmay_gate_of_8, layout_basic, serial_shops, kennysheep_mini,
          abyss_entry, hell_entry, minmay_strange_pillars, grunt_ministairs_1,
          minmay_pinched_square, serial_bayou_shore_b, grunt_megastairs_4,
          infiniplex_staircase_spiral

Notes
Turn   | Place    | Note
-------+----------+-------------------------------------------
     0 | D:1      | sanka the Vampire Transmuter began the quest for the Orb.
     0 | D:1      | Reached XP level 1. HP: 14/14 MP: 3/3
    61 | D:1      | Reached skill level 1 in Fighting
   152 | D:1      | Reached XP level 2. HP: 11/21 MP: 3/5
   161 | D:1      | Reached skill level 4 in Unarmed Combat
   196 | D:1      | Learned a level 2 spell: Wereblood
   732 | D:1      | Reached XP level 3. HP: 24/26 MP: 4/6
   737 | D:1      | Learned a level 3 spell: Spider Form
  1309 | D:2      | Reached skill level 1 in Poison Magic
  1371 | D:2      | Reached XP level 4. HP: 30/32 MP: 5/7
  1589 | D:3      | Reached skill level 3 in Transmutations
  1837 | D:3      | Reached skill level 2 in Poison Magic
  2073 | D:3      | Reached XP level 5. HP: 33/37 MP: 6/8
  2101 | D:3      | Reached skill level 4 in Transmutations
  2266 | D:3      | Noticed Sigmund
  2287 | D:3      | Killed Sigmund
  2287 | D:3      | Reached skill level 6 in Transmutations
  2287 | D:3      | Reached XP level 6. HP: 42/43 MP: 6/9
  2575 | D:4      | Noticed a two-headed ogre
  2673 | D:3      | Reached skill level 5 in Unarmed Combat
  3016 | D:4      | Killed a two-headed ogre
  3016 | D:4      | Reached skill level 7 in Unarmed Combat
  3016 | D:4      | Reached skill level 8 in Transmutations
  3016 | D:4      | Reached XP level 7. HP: 40/48 MP: 8/10
  3016 | D:4      | Reached XP level 8. HP: 45/54 MP: 8/11
  3047 | D:4      | Learned a level 5 spell: Blade Hands
  3111 | D:4      | Noticed Eustachio
  3129 | D:4      | Killed Eustachio
  3277 | D:5      | Entered Level 5 of the Dungeon
  3283 | D:5      | Found a basalt altar of Yredelemnul.
  3317 | D:5      | Found a runed translucent door.
  3317 | D:5      | Noticed PanSaczeczos's ghost (novice MfAr)
  3320 | D:5      | Reached skill level 8 in Unarmed Combat
  3447 | D:5      | Identified the ring "Atwinwiga" {rPois MR+ Str+4 Int-3
                  | Dex+5}
  3642 | D:5      | Found a blossoming altar of Fedhas.
  3814 | D:5      | Reached skill level 9 in Unarmed Combat
  3875 | D:5      | Noticed Edmund
  3884 | D:5      | Killed Edmund
  3900 | D:5      | Found a staircase to the Ecumenical Temple.
  3916 | D:5      | Reached skill level 10 in Unarmed Combat
  3922 | Temple   | Entered the Ecumenical Temple
  4193 | Temple   | Became a worshipper of Warmaster Okawaru
  4736 | D:6      | Reached skill level 3 in Dodging
  4784 | D:6      | Reached skill level 4 in Dodging
  4784 | D:6      | Reached XP level 9. HP: 54/59 MP: 10/12
  5056 | D:6      | Reached skill level 5 in Dodging
  5213 | D:6      | Reached skill level 6 in Dodging
  5816 | D:7      | Identified +0 swamp dragon scales
  5816 | D:7      | Noticed Maggie
  5817 | D:7      | Noticed Prince Ribbit
  5840 | D:6      | Killed Maggie
  5840 | D:6      | Reached * piety under Okawaru
  5840 | D:6      | Reached skill level 2 in Fighting
  5840 | D:6      | Reached skill level 7 in Dodging
  5954 | D:6      | Reached skill level 3 in Fighting
  5954 | D:6      | Reached skill level 1 in Invocations
  5970 | D:7      | Killed Prince Ribbit
  6078 | D:7      | Reached skill level 2 in Invocations
  6080 | D:7      | Reached ** piety under Okawaru
  6321 | D:7      | Reached skill level 8 in Dodging
  6397 | D:7      | Reached XP level 10. HP: 71/71 MP: 9/13
  6399 | D:7      | Reached skill level 4 in Fighting
  6502 | D:7      | Reached skill level 3 in Invocations
  6944 | D:8      | Reached skill level 4 in Invocations
  6973 | D:8      | Noticed a two-headed ogre
  6984 | D:8      | HP: 7/71 [two-headed ogre/cursed -2 giant club (25)]
  7012 | D:8      | Killed a two-headed ogre
  7012 | D:8      | Reached skill level 3 in Spellcasting
  7310 | D:8      | Noticed a two-headed ogre
  7362 | D:8      | Killed a two-headed ogre
  7362 | D:8      | Reached *** piety under Okawaru
  7362 | D:8      | Reached skill level 4 in Spellcasting
  7362 | D:8      | Reached skill level 9 in Transmutations
  7370 | D:8      | Reached skill level 10 in Transmutations
  7597 | D:8      | Noticed Grum
  7606 | D:8      | Killed Grum
  7606 | D:8      | Reached skill level 11 in Transmutations
  7611 | D:8      | Received a gift from Okawaru
  7620 | D:8      | Reached XP level 11. HP: 75/77 MP: 13/17
  7633 | D:8      | Noticed a queen ant
  7646 | D:8      | Killed a queen ant
  7646 | D:8      | Reached **** piety under Okawaru
  7716 | D:8      | Reached skill level 12 in Transmutations
  7965 | D:8      | Reached ***** piety under Okawaru
  8094 | D:8      | Found a runed translucent gate.
  8192 | D:8      | Found a runed translucent gate.
  8194 | D:8      | Found a runed translucent gate.
  8194 | D:8      | Noticed emiel's ghost (novice FoFi)
  8196 | D:8      | Found a viscous altar of Jiyva.
  8542 | D:8      | Reached skill level 11 in Unarmed Combat
  8564 | D:8      | Killed emiel's ghost
  8834 | D:9      | Found Dileyhei's Armour Shop.
  8995 | D:9      | Noticed a two-headed ogre
  9002 | D:9      | Killed a two-headed ogre
  9177 | D:9      | Found a staircase to the Lair.
  9225 | D:9      | Reached skill level 12 in Unarmed Combat
  9350 | D:9      | Found Ugay's Assorted Antiques.
  9538 | D:10     | Entered Level 10 of the Dungeon
  9611 | D:10     | Noticed an unseen horror
  9621 | D:10     | Killed an unseen horror
  9654 | D:10     | Received a gift from Okawaru
  9735 | D:10     | Found a staircase to the Orcish Mines.
  9848 | D:10     | Found Mosev's Antique Armour Emporium.
  9969 | D:10     | Identified a +1 robe of resistance
 10289 | D:10     | Bought a pair of embroidered boots for 165 gold pieces
 10464 | D:11     | Noticed a boulder beetle
 10475 | D:11     | HP: 7/78 [wight/+4 flail (2)]
 10480 | D:11     | Killed a boulder beetle
 10480 | D:11     | Received a gift from Okawaru
 10480 | D:11     | Reached XP level 12. HP: 10/85 MP: 18/18
 10669 | D:11     | Reached skill level 5 in Fighting
 10973 | D:11     | Reached skill level 5 in Invocations
 11104 | D:11     | Noticed a two-headed ogre
 11104 | D:11     | Noticed Maurice
 11113 | D:11     | Killed a two-headed ogre
 11113 | D:11     | Reached skill level 9 in Dodging
 11123 | D:11     | Killed Maurice
 11275 | D:11     | Reached skill level 13 in Unarmed Combat
 11291 | D:11     | Noticed Gastronok
 11489 | D:11     | Killed Gastronok
 11489 | D:11     | Received a gift from Okawaru
 11490 | D:11     | Found a portal to a secret trove of treasure.
 11713 | D:11     | Got a pitted chain mail {god gift}
 11724 | D:11     | Identified the +12 chain mail of the Earth {rCorr} (Okawaru
                  | gifted it to you on level 11 of the Dungeon)
 11772 | Lair:1   | Entered Level 1 of the Lair of Beasts
 12151 | Lair:1   | Found a dark tunnel.
 12160 | Volcano  | Entered a volcano
 12272 | Volcano  | Reached skill level 1 in Armour
 12310 | Volcano  | Identified a +0 pair of boots of running (You found it in a
                  | volcano)
 12331 | Volcano  | Noticed a stone giant
 12337 | Volcano  | HP: 5/87 [stone giant/large rock (30)]
 12585 | Volcano  | Killed a stone giant
 12585 | Volcano  | Reached skill level 6 in Fighting
 13043 | Lair:1   | Reached skill level 13 in Transmutations
 13325 | Lair:2   | Reached skill level 6 in Invocations
 13364 | Lair:2   | Reached XP level 13. HP: 83/93 MP: 19/19
 13460 | Lair:2   | Reached skill level 2 in Armour
 13600 | Lair:2   | Received a gift from Okawaru
 14167 | Lair:2   | Got a masterwork tower shield
 14173 | Lair:2   | Identified the +2 tower shield of an ice cave {rN+} (You
                  | found it on level 2 of the Lair of Beasts)
 14309 | Lair:3   | Found a staircase to the Swamp.
 14324 | Lair:3   | Identified +0 swamp dragon scales
 14403 | Lair:3   | Found a hole to the Spider Nest.
 14409 | Lair:3   | Reached skill level 14 in Unarmed Combat
 14413 | Lair:3   | Reached skill level 10 in Dodging
 14461 | Lair:3   | Reached skill level 1 in Shields
 14736 | Lair:3   | Reached skill level 3 in Armour
 15093 | Lair:3   | Reached skill level 2 in Shields
 15472 | Lair:4   | Reached skill level 7 in Fighting
 15523 | Lair:4   | Noticed Rupert
 15537 | Lair:4   | Killed Rupert
 15537 | Lair:4   | Reached skill level 3 in Shields
 15537 | Lair:4   | Reached skill level 7 in Invocations
 15538 | Lair:4   | Reached skill level 4 in Armour
 15815 | Lair:4   | Reached skill level 4 in Shields
 15845 | Lair:4   | Noticed Nergalle
 15881 | Lair:4   | Killed Nergalle
 15904 | Lair:4   | Found a runed translucent door.
 15906 | Lair:4   | Noticed ra1n577's ghost (journeyman DDFi)
 15962 | Lair:4   | Received a gift from Okawaru
 16051 | Lair:6   | Entered Level 6 of the Lair of Beasts
 16082 | Lair:6   | Reached skill level 8 in Fighting
 16094 | Lair:6   | Reached XP level 14. HP: 65/105 MP: 17/20
 16096 | Lair:6   | Reached skill level 5 in Armour
 16123 | Lair:6   | Reached skill level 8 in Invocations
 16731 | Lair:6   | Received a gift from Okawaru
 16779 | Lair:6   | Got a distressingly furry cloak
 16794 | Lair:6   | Identified the +2 cloak of Pride {rF- Regen+ Str+3} (You
                  | found it on level 6 of the Lair of Beasts)
 16888 | Lair:6   | Received a gift from Okawaru
 17515 | Lair:6   | Reached skill level 6 in Armour
 18602 | Lair:5   | Reached skill level 14 in Transmutations
 18708 | Lair:5   | Noticed Urug
 18722 | Lair:5   | Killed Urug
 18955 | Lair:5   | Found a staircase to the Slime Pits.
 19027 | Lair:5   | Reached ****** piety under Okawaru
 19586 | Orc:1    | Entered Level 1 of the Orcish Mines
 19636 | Orc:1    | Found a roughly hewn altar of Beogh.
 19783 | Orc:1    | Noticed Josephine
 19812 | Orc:1    | Killed Josephine
 19843 | Orc:1    | Received a gift from Okawaru
 20025 | Orc:2    | Entered Level 2 of the Orcish Mines
 20096 | Orc:2    | Reached skill level 15 in Transmutations
 20241 | Orc:2    | Reached XP level 15. HP: 93/112 MP: 15/21
 20246 | Orc:2    | Received a gift from Okawaru
 20359 | Orc:2    | Received a gift from Okawaru
 20507 | Orc:2    | Identified a +1 robe of resistance
 20515 | Orc:2    | Paralysed by an orc sorcerer for 5 turns
 20522 | Orc:2    | Reached skill level 16 in Transmutations
 20681 | Orc:2    | Found Ratwys's Weapon Shop.
 20681 | Orc:2    | Found Cowkal's Antique Weapon Shoppe.
 20682 | Orc:2    | Found Ompefoh's Antique Weapon Shoppe.
 20682 | Orc:2    | Found Jieten's Gadget Boutique.
 20704 | Orc:2    | Found a staircase to the Elven Halls.
 20843 | Orc:2    | Found Retac's Assorted Antiques.
 20937 | Orc:2    | Found a burning altar of Makhleb.
 21172 | Orc:1    | Noticed Sonja
 21203 | Orc:1    | Killed Sonja
 21600 | D:10     | Bought an ancient troll leather armour for 440 gold pieces
 21610 | D:10     | Identified the +2 troll leather armour "Sieqeiji" {rF+
                  | Regen+ Str-2 Stlth+} (You bought it in a shop on level 10
                  | of the Dungeon)
 21850 | D:12     | Received a gift from Okawaru
 21903 | D:12     | Found a runed translucent door.
 21920 | D:12     | Found a runed translucent door.
 22231 | D:12     | Found a runed translucent door.
 22245 | D:12     | Found a runed translucent door.
 22626 | D:13     | Reached skill level 17 in Transmutations
 22927 | D:13     | Reached skill level 9 in Fighting
 23108 | D:13     | Noticed Azrael
 23122 | D:13     | Killed Azrael
 23340 | D:13     | Identified 2 potions of resistance
 23524 | D:14     | Found a runed translucent door.
 23538 | D:14     | Noticed a storm dragon
 23540 | D:14     | Noticed a lich
 23540 | D:14     | Noticed Ubluaf's ghost (journeyman NaTm)
 23545 | D:14     | Found a runed translucent door.
 23582 | D:14     | Found a gate to the Vaults.
 23958 | D:14     | Reached skill level 15 in Unarmed Combat
 23958 | D:14     | Reached skill level 9 in Invocations
 23989 | D:14     | Received a gift from Okawaru
 24194 | D:14     | Identified a +2 robe of the Archmagi
 24194 | D:14     | Noticed Jorgrun
 24205 | D:14     | Killed Jorgrun
 24511 | D:14     | Killed a lich
 24516 | D:14     | Killed a storm dragon
 24516 | D:14     | Identified +0 storm dragon scales
 24687 | D:14     | Reached XP level 16. HP: 120/120 MP: 15/23
 24688 | D:14     | Reached skill level 5 in Spellcasting
 24700 | D:14     | Killed Ubluaf's ghost
 24809 | D:15     | Entered Level 15 of the Dungeon
 25002 | D:15     | Reached skill level 7 in Armour
 25196 | D:15     | Received a gift from Okawaru
 25335 | D:15     | Noticed Kirke
 25374 | D:15     | Killed Kirke
 25462 | D:15     | Noticed Nessos
 25478 | D:15     | Killed Nessos
 25502 | D:15     | Reached skill level 11 in Dodging
 25852 | D:15     | Found a staircase to the Depths.
 26149 | D:15     | Found Uxet's Jewellery Emporium.
 26309 | Depths:1 | Entered Level 1 of the Depths
 26325 | Depths:1 | Reached skill level 6 in Spellcasting
 26352 | Depths:1 | Reached skill level 10 in Fighting
 26352 | Depths:1 | Reached skill level 16 in Unarmed Combat
 26540 | Depths:1 | Reached skill level 8 in Armour
 26712 | Depths:1 | Noticed Nikola
 26731 | Depths:1 | Received a gift from Okawaru
 27284 | Depths:1 | Found a gateway to Hell.
 27402 | Depths:1 | Reached skill level 10 in Invocations
 27697 | Depths:1 | Reached XP level 17. HP: 128/128 MP: 18/26
 27745 | Depths:1 | Killed Nikola
 27767 | Depths:1 | Reached skill level 9 in Armour
 28104 | Depths:1 | Got a masterwork longbow {god gift}
 28110 | Depths:1 | Identified the +4 longbow "Binu" {vorpal, *Slow rPois
                  | Str+2} (Okawaru gifted it to you on level 1 of the Depths)
 28141 | Depths:1 | Received a gift from Okawaru
 28434 | Depths:2 | Found a broken altar of Ashenzari.
 28443 | Depths:2 | Reached skill level 7 in Spellcasting
 28885 | Depths:1 | Noticed a titan
 28908 | Depths:1 | Received a gift from Okawaru
 28923 | Depths:1 | Killed a titan
 28932 | Depths:1 | HP: 8/129 [spriggan berserker/+1 antimagic rapier (34)]
 29209 | Depths:1 | Reached skill level 12 in Dodging
 29209 | Depths:1 | Reached skill level 17 in Unarmed Combat
 29531 | Depths:1 | Identified +0 shadow dragon scales
 30062 | Depths:2 | Paralysed by a vampire knight for 4 turns
 30086 | Depths:2 | Noticed an ancient lich
 30151 | Depths:2 | Reached skill level 10 in Armour
 30537 | Depths:2 | Received a gift from Okawaru
 30543 | Depths:2 | Reached skill level 11 in Fighting
 30637 | Depths:2 | Killed an ancient lich
 30637 | Depths:2 | Reached skill level 8 in Spellcasting
 30639 | Depths:2 | Identified Qyeragis's Grimoire of Unholy Rites
 30895 | Depths:2 | Found a runed translucent door.
 31035 | Depths:2 | Reached XP level 18. HP: 138/138 MP: 23/30
 31042 | Depths:2 | Received a gift from Okawaru
 31815 | Depths:2 | Reached skill level 18 in Unarmed Combat
 31880 | Depths:2 | Identified +0 ice dragon scales
 31884 | Depths:2 | Identified +0 shadow dragon scales
 31889 | Depths:2 | Identified +0 ice dragon scales
 32181 | Depths:2 | Reached skill level 11 in Armour
 32213 | Depths:2 | Reached skill level 13 in Dodging
 32997 | Depths:2 | Received a gift from Okawaru
 33132 | Depths:3 | Noticed a golden dragon
 33344 | Depths:2 | Killed a golden dragon
 33344 | Depths:2 | Reached skill level 19 in Unarmed Combat
 33557 | Depths:3 | Noticed Aizul
 33569 | Depths:3 | Killed Aizul
 33710 | Depths:3 | Identified +0 shadow dragon scales
 33851 | Depths:3 | Found a runed translucent gate.
 33851 | Depths:3 | Found a runed translucent gate.
 33851 | Depths:3 | Found a runed translucent gate.
 34189 | Depths:3 | Received a gift from Okawaru
 34207 | Depths:3 | Reached skill level 20 in Unarmed Combat
 34420 | Depths:3 | Found a one-way gate to the infinite horrors of the Abyss.
 34482 | Depths:3 | Found a one-way gate leading to the halls of Pandemonium.
 34710 | Depths:3 | Reached XP level 19. HP: 118/144 MP: 24/31
 35216 | Depths:4 | Found a runed translucent door.
 35216 | Depths:4 | Noticed a juggernaut
 35218 | Depths:4 | Noticed a juggernaut
 35218 | Depths:4 | Noticed a golden dragon
 35218 | Depths:4 | Noticed a caustic shrike
 35462 | Depths:4 | Identified the +4 lajatang "Acae" {flame, rF+}
 35489 | Depths:4 | Killed from afar by an ice dragon

Vanquished Creatures
  An ancient lich (Depths:2)
  Nikola (Depths:1)
  A golden dragon (Depths:2)
  Jorgrun (D:14)
  A tentacled monstrosity (Depths:4)
  Rupert (Lair:4)
  A lich (D:14)
  A titan (Depths:1)
  Gastronok (D:11)
  A sphinx (Depths:3)
  5 shadow dragons
  Kirke (D:15)
  A storm dragon (D:14)
  3 fire giants
  2 tengu reavers
  4 frost giants
  An iron dragon (Depths:3)
  A balrug (Depths:1)
  Aizul (Depths:3)
  A spriggan defender (Depths:1)
  A very ugly thing (Depths:3)
  2 vampire knights (Depths:2)
  9 stone giants
  Nessos (D:15)
  The ghost of Ubluaf the Grappler, a journeyman NaTm of Dithmenos (D:14)
  Azrael (D:13)
  5 ettins
  3 fire dragons
  2 jiangshi (Depths:4)
  Josephine (Orc:1)
  A great orb of eyes (Depths:2)
  2 yaktaur captains
  8 boulder beetles
  8 ice dragons
  4 rakshasas
  10 hydras
  5 centaur warriors
  2 dancing weapons (D:14)
  7 deep troll shamans
  37 two-headed ogres
  A tengu warrior (D:15)
  5 vampire magi
  10 ogre magi
  Urug (Lair:5)
  A queen ant (D:8)
  5 deep troll earth magi
  2 spriggan berserkers
  Sonja (Orc:1)
  Nergalle (Lair:4)
  A fire crab (D:14)
  6 hell knights
  An iron troll (Depths:3)
  The ghost of emiel the Slasher, a novice FoFi of Okawaru (D:8)
  An unseen horror (D:10)
  A storm dragon skeleton (D:15)
  A golden dragon zombie (Depths:3)
  A glowing orange brain (Depths:3)
  9 skeletal warriors
  4 flayed ghosts
  A phantasmal warrior (D:14)
  An orange crystal statue (D:12)
  3 wizards
  A swamp dragon (Lair:3)
  22 deep trolls
  A wolf spider zombie (D:15)
  6 necromancers
  An orc sorcerer (Orc:2)
  2 orc knights
  3 cyclopes
  A tengu skeleton (Depths:2)
  25 ugly things
  A salamander (Depths:1)
  2 manticores
  A wolf spider (Lair:6)
  2 salamanders (shapeshifter)
  2 oklob plants
  A fire giant zombie (Depths:3)
  A fire giant skeleton (Depths:2)
  12 elephants
  Maurice (D:11)
  A guardian serpent (Lair:6)
  A frost giant skeleton (Depths:3)
  7 black mambas
  A black mamba (shapeshifter) (Depths:1)
  A torpor snail (Lair:6)
  3 gargoyles
  A hellion (Depths:3)
  An orange demon (Depths:3)
  18 cane toads
  36 yaktaurs
  Maggie (D:6)
  11 komodo dragons
  A rime drake (Lair:5)
  2 efreet
  A spectral human (Depths:1)
  6 hellwings (Depths:1)
  9 polar bears (Lair:6)
  5 red devils
  8 trolls
  A wind drake (shapeshifter) (Depths:1)
  A wolf spider simulacrum (D:14)
  3 meliai (D:15)
  A queen bee (D:15)
  2 raiju (Lair:6)
  A spriggan zombie (Depths:2)
  18 blink frogs
  Prince Ribbit (D:7)
  3 hornets
  An ettin zombie (D:15)
  21 slime creatures
  A fire dragon zombie (D:15)
  Sigmund (D:3)
  5 redbacks
  21 yaks
  A spriggan (Lair:5)
  A deep troll skeleton (D:15)
  13 wyverns
  2 shadows
  2 vampires
  3 hogs (D:15)
  2 fire bats (Depths:3)
  A water elemental (D:14)
  8 wraiths
  A ynoxinul (Depths:3)
  Eustachio (D:4)
  A wyvern (shapeshifter) (Depths:3)
  5 fire elementals
  6 basilisks
  Grum (D:8)
  8 wargs
  6 vampire mosquitoes
  A human zombie (Depths:2)
  20 soldier ants (D:8)
  An acid dragon (D:13)
  Edmund (D:5)
  23 water moccasins
  18 hell hounds
  13 orc warriors
  3 sky beasts
  3 phantoms
  4 ice beasts
  14 black bears
  39 ogres
  6 necrophages
  28 centaurs
  17 wolves
  17 bullfrogs
  3 big kobolds
  2 wyvern zombies
  2 earth elementals (Volcano)
  A wyvern skeleton (D:9)
  A water moccasin skeleton (D:8)
  2 scorpions
  20 wights
  20 killer bees
  3 howler monkeys
  An electric eel (D:14)
  4 crimson imps
  7 centaur zombies
  2 bullfrog zombies
  A gnoll shaman (Orc:1)
  13 jellies
  6 centaur skeletons
  8 orc priests
  8 hounds
  4 bullfrog skeletons
  An iron imp (Depths:3)
  10 hell rats
  9 iguanas
  16 orc wizards
  31 worker ants
  A killer bee zombie (D:7)
  A hound zombie (D:10)
  2 hound skeletons
  A mummy (D:10)
  A worker ant zombie (D:7)
  10 gnolls
  17 adders
  3 shadow imps
  7 white imps
  5 ufetubi
  3 oozes (Lair:5)
  An adder skeleton (D:4)
  A worm (D:3)
  4 dart slugs
  7 leopard geckos
  63 orcs
  10 bats
  10 giant cockroaches
  7 goblins
  10 hobgoblins
  4 jackals
  7 quokkas
  2 ball pythons (D:1)
  A ball python skeleton (D:4)
  6 frilled lizards
  A jackal skeleton (D:4)
  21 kobolds
  4 rats
  2 butterflies (Lair:1)
1135 creatures vanquished.

Vanquished Creatures (others)
  A soul eater (Depths:3)
  A necromancer (D:14)
  A bullfrog (Lair:5)
  A jelly (D:13)
  An orc wizard (Orc:1)
  An ufetubus (Depths:3)
  27 fungi
  129 plants
  9 withered plants
171 creatures vanquished.

Grand Total: 1306 creatures vanquished
